 Dungeon Crawl Stone Soup version 0.27-a0-1137-g3ef0f4ec91 (webtiles) character file.

Game seed: 13129585586134097998

39 DasRunzen the Ducker (level 3, -4/28 HPs)
             Began as a Demonspawn Gladiator on May 6, 2021.
             Killed from afar by Natasha (5 damage)
             ... with a magic dart
             ... on level 2 of the Dungeon.
             The game lasted 00:02:30 (1383 turns).

DasRunzen the Ducker (Demonspawn Gladiator)         Turns: 1383, Time: 00:02:31

Health: -4/28      AC: 10    Str: 14    XL:     3   Next: 28%
Magic:  3/3        EV: 12    Int: 10    God:
Gold:   73         SH:  0    Dex: 14    Spells: 2/2 levels left

rFire    . . .     SeeInvis .   a - +0 trident (flame)
rCold    . . .     Faith    .   (no shield)
rNeg     . . .     Spirit   .   b - +0 leather armour
rPois    .         Reflect  .   c - +0 helmet
rElec    .         Harm     .   (no cloak)
rCorr    .         Rampage  .   (no gloves)
Will     .....                  (no boots)
Stlth    +.........             (no amulet)
HPRegen  0.09/turn              (no ring)
MPRegen  0.08/turn              (no ring)

@: sanguine armoured, slowed, very slow
A: powered by pain 1, sanguine armour 1
a: no special abilities


You were on level 2 of the Dungeon.
You visited 1 branch of the dungeon, and saw 2 of its levels.

You collected 73 gold pieces.

Inventory:

Hand Weapons
 a - a +0 trident of flaming (weapon)
Missiles
 d - 3 throwing nets (quivered)
Armour
 b - a +0 leather armour (worn)
 c - a +0 helmet (worn)
Scrolls
 e - a scroll of holy word {unknown}


   Skills:
 + Level 2.7 Fighting
 + Level 3.1 Polearms
 - Level 1.7 Throwing
 + Level 3.2 Dodging


You had 2 spell levels left.
You didn't know any spells.
Your spell library was empty.

Dungeon Overview and Level Annotations

Branches:
Dungeon (2/15)

Altars:

Annotations:
D:2 Natasha


Innate Abilities, Weirdness & Mutations

You sometimes gain a little power by taking damage.
When seriously injured, your bleeding wounds create armour. (AC +6)


Message History

Natasha barely misses you.
You barely miss Natasha.
Natasha is moderately wounded.
Natasha stares at you and mumbles some strange words.
The magic dart hits you.
Your blood congeals into armour.
Natasha closely misses you.
You miss Natasha.
Natasha is moderately wounded.
Natasha claws you.
You are too injured to fight recklessly!
You are too injured to fight recklessly!
You closely miss Natasha.
Natasha is moderately wounded.
Natasha closely misses you. x2
You closely miss Natasha.
Natasha is moderately wounded.
Natasha closely misses you. Natasha claws you!
* * * LOW HITPOINT WARNING * * *
You completely miss Natasha.
Natasha is moderately wounded.
Natasha claws you but does no damage.
You barely miss Natasha.
Natasha is moderately wounded.
Natasha claws you.
* * * LOW HITPOINT WARNING * * *
Natasha claws you.
* * * LOW HITPOINT WARNING * * *
You barely miss Natasha.
Natasha is moderately wounded.
Natasha misses you. Natasha claws you but does no damage.
You closely miss Natasha.
Natasha is moderately wounded.
Natasha closely misses you. Natasha claws you.
* * * LOW HITPOINT WARNING * * *
You aren't carrying any potions.
You hit Natasha. You burn Natasha.
Natasha is severely wounded.
Natasha casts a spell at you. The magic dart hits you.
You die...

#.# #.# #.# #.#
####.####)##
#..........# ##
#.##.###...## ##.
#.###.##.##.....# #..
#..h@....###<..####..
######.#### ##..##....
#......# #...††...
#.###### #..##.... #.#
##+#####.. #.# ##...##
#.. #.####
##.....##### #.##.##
##....)..## #
#.#...####.........###


You could see Natasha.

Vanquished Creatures
  2 dart slugs (D:1)
  5 ball pythons (D:1)
  An endoplasm (D:1)
  A giant cockroach (D:1)
  2 hobgoblins
  5 jackals
  5 bats (D:1)
  6 goblins
  4 kobolds (D:1)
  A rat (D:1)
32 creatures vanquished.

Notes
Turn   | Place    | Note
-------+----------+-------------------------------------------
     0 | D:1      | DasRunzen the Demonspawn Gladiator began the quest for the
                  | Orb.
     0 | D:1      | Reached XP level 1. HP: 16/16 MP: 1/1
   155 | D:1      | Gained mutation: You sometimes gain a little power by
                  | taking damage. [demonic ancestry]
   155 | D:1      | Reached XP level 2. HP: 21/22 MP: 2/2
   631 | D:1      | Gained mutation: When seriously injured, your bleeding
                  | wounds create armour. (AC +6) [demonic ancestry]
   631 | D:1      | Reached XP level 3. HP: 13/28 MP: 3/3
  1371 | D:2      | Noticed Natasha
  1382 | D:2      | HP: 1/28 [Natasha (2)]
  1383 | D:2      | Killed from afar by Natasha

Illustrated notes

Levels and vault maps discovered:
D:1:      matt_arrival_los_fun, layout_loops_ring, minmay_distorted
D:2:      layout_loops_corners, basic_ecumenical_altar, minivault_19,
          uniq_natasha

Skill      XL: |  1  2 |
---------------+-------+-----
Polearms       | 3 |  3.1
Dodging        | 3 |  3.2
Fighting       | |  2.7
Throwing       | |  1.7

Action                   || total
-------------------------++-------
Melee: Trident           ||    97
  Use: Scroll            ||     5
 Stab: Sleeping          ||     2
Armor: Leather armour    ||    17
Dodge: Dodged            ||    47

Table legend: (Time is in decaauts)
 A = Elapsed time spent in this place.
 B = Non-inter-level travel time spent in this place.
 C = Inter-level travel time spent in this place.
 D = Time resting spent in this place.
 E = Time spent auto-exploring this place.
 F = Levels seen in this place.
 G = Mean time per level.
                   A        B        C        D        E       F      G
               +--------+--------+--------+--------+--------+-----+--------+
         Total |   1402 |   1378 |     24 |     72 |   1095 |   2 |  701.0 |
       Dungeon |   1402 |   1378 |     24 |     72 |   1095 |   2 |  701.0 |
               +--------+--------+--------+--------+--------+-----+--------+

Top non-repeatable levels by time:
     D:1: 1108 daAuts
     D:2: 294 daAuts
